 Dungeon Crawl Stone Soup version 0.24-a0-459-g225fefd530 (webtiles) character file.

Game seed: 6817433351977483695

43 Murumi the Shield-Bearer (level 3, -20/23 HPs)
             Began as a Gargoyle Fighter on June 29, 2019.
             Demolished by an ogre
             ... wielding a +0 giant club
              (27 damage)
             ... on level 2 of the Dungeon.
             The game lasted 00:06:20 (1356 turns).

Murumi the Shield-Bearer (Gargoyle Fighter)         Turns: 1356, Time: 00:06:20

Health: -20/23     AC: 11    Str: 25    XL:     3   Next: 58%
Magic:  3/3        EV:  8    Int:  8    God:
Gold:   54         SH:  9    Dex:  9    Spells: 2/2 levels left

rFire    . . .     SeeInvis .   a - +1 flail
rCold    . . .     Gourm    .   c - +0 shield
rNeg     + . .     Faith    +   l - +0 scale mail
rPois    ∞         Spirit   .   (no helmet)
rElec    +         Reflect  .   (no cloak)
rCorr    .         Harm     .   m - +0 pair of gloves
MR       .....                  (no boots)
Stlth    ..........             p - amulet of faith
HPRegen  0.07/turn              (no ring)
MPRegen  0.08/turn              (no ring)

@: mighty
A: negative energy resistance 1, electricity resistance, unbreathing,
petrification resistance, rot immunity, AC +3
a: no special abilities


You were on level 2 of the Dungeon.
You were not hungry.

You visited 1 branch of the dungeon, and saw 2 of its levels.

You collected 54 gold pieces.

Inventory:

Hand Weapons
 a - a +1 flail (weapon)
 f - a +0 hunting sling
Missiles
 e - 127 stones (quivered)
 o - 11 sling bullets
Armour
 c - a +0 shield (worn)
 l - a +0 scale mail (worn)
 m - a +0 pair of gloves (worn)
Jewellery
 p - an amulet of faith (around neck)
Potions
 b - a potion of invisibility {unknown}
 g - a potion of magic
 h - 2 potions of brilliance
 i - a potion of degeneration {unknown}
 k - a potion of haste {unknown}
Comestibles
 j - 2 rations


   Skills:
 - Level 3.2 Fighting
 - Level 3.1 Maces & Flails
 + Level 1.0 Slings
 - Level 3.2 Armour
 - Level 1.0 Dodging
 - Level 3.2 Shields


You had 2 spell levels left.
You didn't know any spells.
Your spell library was empty.

Dungeon Overview and Level Annotations

Branches:
Dungeon (2/15)

Altars:
Vehumet


Innate Abilities, Weirdness & Mutations

You are resistant to torment.
Your stone body is resilient. (AC +3)
You are immune to poison.
You resist negative energy. (rN+)
You are resistant to electric shocks. (rElec)
You can survive without breathing.
You are immune to petrification.
You are immune to rotting.


Message History

HP restored.
Found a stone staircase leading down.
Found a stone staircase leading down.
An ogre comes into view. It is wielding a +0 giant club.
The ogre shouts!
Wield which item (- for none, * to show all)? (? for menu, Esc to quit)
a - a +1 flail (weapon)
You feel very mighty all of a sudden. You block the ogre's attack.
You hit the ogre.
The ogre is moderately wounded.
The ogre hits you with a +0 giant club!
Ouch! That really hurt!
You are too injured to fight recklessly!
You are too injured to fight recklessly!
You sock the ogre!
The ogre is severely wounded.
The ogre hits you with a +0 giant club!!
Ouch! That really hurt!
You die...

....#.##.#.#
######.. ...#
####.## .# .# .#
########### .#
#.........####O###
##.#######....@...#
#.....# #..###.#.#
###..##.# #..# ...
.<#..#### #####
##.# #.#...# ##8##
... #.#...##8...8
### #.#...##.....
#.#...#>.....
#.#..###.....


You could see an ogre.

Vanquished Creatures
  An adder (D:1)
  2 dart slugs
  A leopard gecko (D:1)
  3 bats
  8 goblins
  4 hobgoblins (D:1)
  A kobold (D:1)
  A quokka (D:2)
  6 rats
27 creatures vanquished.

Notes
Turn   | Place    | Note
-------+----------+-------------------------------------------
     0 | D:1      | Murumi the Gargoyle Fighter began the quest for the Orb.
     0 | D:1      | Reached XP level 1. HP: 14/14 MP: 1/1
    61 | D:1      | Reached skill level 1 in Dodging
    94 | D:1      | Reached XP level 2. HP: 19/19 MP: 2/2
   979 | D:1      | Reached XP level 3. HP: 23/23 MP: 3/3
  1034 | D:2      | Found a radiant altar of Vehumet.
  1219 | D:2      | Reached skill level 1 in Slings
  1352 | D:2      | Noticed an ogre
  1356 | D:2      | Demolished by an ogre

Levels and vault maps discovered:
D:1:      ncdulo_wetmaze, layout_basic
D:2:      layout_loops_corners, lemuel_zombie_altar_yredelemnul,
          vehumet_crystals, nicolae_overflow_hidden_temple,
          uniq_crazy_yiuf_cottage

Skill      XL: |  1  2  3 |
---------------+----------+-----
Dodging        | 1 |  1.0
Maces & Flails | 3 |  3.1
Slings         | 1 |  1.0
Fighting       | |  3.2
Armour         | |  3.2
Shields        | |  3.2

Action                   || total
-------------------------++-------
Melee: Flail             ||    70
 Fire: Hunting sling     ||    30
Throw: Stone             ||    21
  Use: Scroll            ||     5
       Potion            ||     1
  Eat: Chunk             ||     1
Armor: Scale mail        ||    37
Dodge: Dodged            ||    21
Block: Shield            ||    34

Table legend:
 A = Non-vault XP
 B = Vault XP
 C = Vault XP percentage of total XP
 D = Non-vault monster count
 E = Vault monster count
 F = Vault count percentage of total count
                 A         B        C        D         E       F
            +---------+---------+-------+---------+---------+-------
      Total |      62 |       0 |   0.0 |      27 |       0 |   0.0
            +---------+---------+-------+---------+---------+-------
        D:1 |      44 |       0 |   0.0 |      17 |       0 |   0.0
        D:2 |      18 |       0 |   0.0 |      10 |       0 |   0.0
            +---------+---------+-------+---------+---------+-------
